 Dungeon Crawl Stone Soup version 0.30-a0-141-g30f27751c5 (webtiles) character file.

Game seed: 16734741995630995999

15245 qw the Cleaver (level 12, -1/76 HPs)
             Began as a Gargoyle Fighter on Sept 25, 2022.
             Was a High Priest of Okawaru.
             Slain by Gastronok (18 damage)
             ... on level 1 of the Lair of Beasts.
             The game lasted 00:04:57 (14235 turns).

qw the Cleaver (Gargoyle Fighter)                  Turns: 14235, Time: 00:04:58

Health: -1/76      AC: 31    Str: 21    XL:     12   Next: 25%
Magic:  19/19      EV:  9    Int:  9    God:    Okawaru [*****.]
Gold:   872        SH:  6    Dex: 11    Spells: 11/11 levels left

rFire   + . .      SeeInvis .    i - +0 broad axe
rCold   . . .      Faith    .    c - +0 buckler
rNeg    + + .      Spirit   .    w - +1 plate armour {rF+}
rPois   inf        Reflect  .    f - +1 helmet
rElec   +          Harm     .    t - +2 cloak of Goupho {rN+ Will+ Str-4 Dex+2}
rCorr   .          Rampage  .    (no gloves)
Will    ++...                    (no boots)
Stlth   ..........               p - amulet of regeneration
HPRegen 1.02/turn                r - ring of willpower
MPRegen 0.16/turn                (no ring)

@: heroic
A: sickness immunity, AC +8, negative energy resistance 1, electricity
resistance, torment resistance 1, petrification resistance
a: Renounce Religion, Heroism, Finesse, Duel


You were on level 1 of the Lair of Beasts.
You worshipped Okawaru.
Okawaru was extremely pleased with you.
You visited 3 branches of the dungeon, and saw 13 of its levels.

You collected 872 gold pieces.


Innate Abilities, Weirdness & Mutations

You are immune to sickness and miasma.
Your stone body is resilient. (AC +8)
You are immune to poison.
You resist negative energy. (rN+)
You are resistant to electric shocks. (rElec)
You are resistant to unholy torment.
You are immune to petrification.


   Skills:
 - Level 9.0(14.0) Fighting
 + Level 11.9(16.9) Axes
 - Level 3.8(8.8) Throwing
 - Level 8.0(13.0) Armour
 - Level 2.1(7.1) Dodging
 - Level 5.0(10.0) Shields
 - Level 10.0 Invocations


You had 11 spell levels left.
You didn't know any spells.
Your spell library was empty.

Inventory:

Hand Weapons
 i - a +0 broad axe (weapon)
 s - a +0 morningstar
Missiles
 u - 5 boomerangs (quivered)
Armour
 b - +0 acid dragon scales
 c - a +0 buckler (worn)
 f - a +1 helmet (worn)
 t - the +2 cloak of Goupho (worn) {rN+ Will+ Str-4 Dex+2}
   (You found it on level 8 of the Dungeon)

   Str:       It affects your strength (-4).
   Dex:       It affects your dexterity (+2).
   rN:        It protects you from negative energy.
   Will:      It increases your willpower.
 w - a +1 plate armour of fire resistance (worn)
Jewellery
 m - a ring of fire
 p - an amulet of regeneration (around neck)
 r - a ring of willpower (left hand)
Scrolls
 l - 3 scrolls of identify
 o - a scroll of teleportation
Potions
 a - 3 potions of curing
 d - 4 potions of might
 e - 2 potions of lignification
 g - 3 potions of cancellation
 k - 3 potions of resistance
 n - 3 potions of attraction
 q - 2 potions of mutation

Dungeon Overview and Level Annotations

Branches:
Dungeon (11/15)            Temple (1/1) D:4            Lair (1/5) D:11
    Orc (0/2) D:10

Altars:
Ashenzari
Cheibriados
Dithmenos
Elyvilon
Fedhas
Gozag
Hepliaklqana
Kikubaaqudgha
Makhleb
Nemelex Xobeh
Okawaru
Qazlal
Ru
Sif Muna
Trog
Uskayaw
Vehumet
Wu Jian
Xom
Yredelemnul
Zin
The Shining One

Annotations:
D:3 1 runed translucent door, Crazy Yiuf
D:8 1 runed translucent door, qw's ghost, novice GrFi
D:10 1 transporter
Lair:1 Gastronok


Message History

A cane toad comes into view.
You hit the wolf.
The wolf is severely wounded.
You hit the yak but do no damage. You slash the wolf!
The wolf bites you but does no damage. You block the wolf's attack.
You block the yak's attack. The wolf bites you but does no damage.
You barely miss the wolf.
The wolf is severely wounded.
You hit the wolf. You barely miss the yak. The wolf bites you.
You block the wolf's attack. The wolf bites you but does no damage.
You miss the wolf.
The wolf is severely wounded.
You slash the yak! You closely miss the wolf.
The wolf bites you but does no damage. You block the yak's attack.
The wolf bites you but does no damage.
You slash the yak!
You kill the yak!
Okawaru accepts your kill.
You hit the wolf but do no damage. You miss the wolf.
The wolf closely misses you. You block the wolf's attack.
The wolf bites you but does no damage. x2
You closely miss the wolf.
The wolf is severely wounded.
You closely miss the wolf. You barely miss Gastronok.
You hit the yak but do no damage. The wolf barely misses you.
The yak barely misses you. The wolf bites you!
You closely miss the wolf.
The wolf is severely wounded.
You barely miss the yak. You hit the wolf but do no damage.
You hit Gastronok but do no damage.
The sentinel's mark upon you fades away.
The wolf barely misses you. The wolf closely misses you.
You block the yak's attack.
You slash the wolf!
You kill the wolf!
Okawaru accepts your kill.
You slash Gastronok! You slash the yak! You barely miss the wolf.
The wolf bites you. The wolf bites you but does no damage.
Gastronok bites you!!
You die...

.## .# .#..##....... .#
(#.#....... .#
(#...}... .# ...(.....
.# #.#.....# .##
##.#.Y...# # #.###
#..##Y#w.# .# ....###
#.##F@.####+#.# ......#
#.hFh%###.....# #....##
#P.F####....P#
##....######..####....#
##...............#.?.#
##..........%....####
##......#...%##.#
##..############ #...#


You could see Gastronok, 2 yaks, a cane toad, 2 blink frogs and 2 wolves.

Vanquished Creatures
  4 two-headed ogres
  Sonja (D:11)
  Lodul (D:11)
  A gargoyle (D:11)
  Psyche (D:10)
  2 cane toads (Lair:1)
  A rime drake (Lair:1)
  A troll (D:10)
  3 komodo dragons (Lair:1)
  A wraith (D:9)
  14 yaks
  4 fire bats (D:9)
  A wyvern (D:8)
  2 steam dragons
  4 vampire mosquitoes
  4 acid dragons
  A hell hound (D:9)
  5 water moccasins
  6 orc warriors
  A sky beast (D:6)
  An ice beast (D:8)
  9 ogres
  A wolf (Lair:1)
  3 centaurs
  3 phantoms
  10 bullfrogs
  8 scorpions
  17 killer bees
  A howler monkey (D:11)
  2 lava snakes (D:9)
  3 jellies
  6 orc priests
  A hound (D:5)
  5 iguanas
  Ijyb (D:4)
  Natasha (thrice) (D:4)
  9 orc wizards
  9 adders
  A river rat (D:6)
  A shadow imp (D:6)
  3 white imps
  2 ufetubi (D:4)
  6 worms
  3 dart slugs
  25 orcs
  5 bats
  5 endoplasms
  4 giant cockroaches
  4 hobgoblins
  3 jackals (D:3)
  4 quokkas
  6 ball pythons
  9 frilled lizards
  8 goblins
  4 kobolds
  9 rats
  A fire vortex (D:9)
253 creatures vanquished.

Vanquished Creatures (others)
  2 fire vortices (D:9)
  7 fungi (D:11)
  13 plants
22 creatures vanquished.

Grand Total: 275 creatures vanquished

Notes
Turn   | Place    | Note
-------+----------+-------------------------------------------
     0 | D:1      | qw the Gargoyle Fighter began the quest for the Orb.
     0 | D:1      | Reached XP level 1. HP: 14/14 MP: 1/1
     0 | D:1      | 0 ||| qw: Version: 0.2-a-10-g399e6c4
     0 | D:1      | 0 ||| qw: Game counter: 355
     0 | D:1      | 0 ||| qw: Always use a shield: true
     0 | D:1      | 0 ||| qw: God list: Okawaru
     0 | D:1      | 0 ||| qw: Allow faded altars: false
     0 | D:1      | 0 ||| qw: Do Orc after D:15 true
     0 | D:1      | 0 ||| qw: Do second Lair branch before Depths: true
     0 | D:1      | 0 ||| qw: Lair rune preference: random
     0 | D:1      | 0 ||| qw: Plans: Normal, Zot:1-4, God:TSO, Crypt, Tomb,
                  | Pan, Slime:5, Hells, Abyss, Orb
     0 | D:1      | 0 ||| PLANNING D:1-11
    67 | D:1      | 67 ||| Stepping ~*~*~tactically~*~*~ (stealth).
    72 | D:1      | Reached skill level 2 in Axes
   127 | D:1      | 127 ||| Stepping ~*~*~tactically~*~*~ (stealth).
   171 | D:1      | Reached XP level 2. HP: 19/19 MP: 2/2
   362 | D:1      | 362 ||| Stepping ~*~*~tactically~*~*~ (stealth).
   368 | D:1      | 368 ||| Stepping ~*~*~tactically~*~*~ (stealth).
   417 | D:1      | 417 ||| Stepping ~*~*~tactically~*~*~ (hiding).
   419 | D:1      | 419 ||| Stepping ~*~*~tactically~*~*~ (hiding).
   427 | D:1      | Reached skill level 3 in Axes
   627 | D:1      | 627 ||| UPGRADING to +0 plate armour.
   637 | D:1      | 637 ||| DROPPING +0 scale mail.
   638 | D:1      | 638 ||| READING scroll labelled QUTHREO BIBOYL.
   639 | D:1      | 639 ||| READING scroll labelled POZOZI OMIOMIRGH.
   640 | D:1      | 640 ||| READING scroll labelled YXZOT OCWEIN.
   641 | D:1      | 641 ||| READING scroll labelled UTRAHAOWOS.
   642 | D:1      | 642 ||| READING scroll labelled GOSIGGIASU.
   676 | D:2      | Found a sacrificial altar of Ru.
   696 | D:2      | Reached XP level 3. HP: 23/23 MP: 3/3
   706 | D:2      | 706 ||| Stepping ~*~*~tactically~*~*~ (stealth).
  1603 | D:2      | 1603 ||| UPGRADING to amulet of guardian spirit.
  1608 | D:2      | 1608 ||| READING scroll labelled PEHAYTSACA.
  1671 | D:3      | Reached XP level 4. HP: 28/28 MP: 4/4
  1733 | D:3      | 1733 ||| FLEEEEING.
  1767 | D:3      | 1767 ||| DROPPING +0 mace.
  1899 | D:3      | Reached skill level 4 in Axes
  2069 | D:3      | Found a runed translucent door.
  2070 | D:3      | Noticed Crazy Yiuf
  2093 | D:3      | 2093 ||| Stepping ~*~*~tactically~*~*~ (stealth).
  2158 | D:3      | Identified the +0 scale mail of Zin's Displeasure {+Blink
                  | Str+5}
  2236 | D:3      | 2236 ||| Stepping ~*~*~tactically~*~*~ (hiding).
  2572 | D:3      | 2572 ||| Stepping ~*~*~tactically~*~*~ (stealth).
  2938 | D:3      | 2938 ||| DROPPING amulet of faith.
  2939 | D:3      | 2939 ||| DROPPING ring of wizardry.
  2940 | D:3      | 2940 ||| READING scroll labelled MOAKHI OROY.
  3023 | D:3      | 3023 ||| READING scroll labelled ONIEGOV XOENT.
  3024 | D:3      | 3024 ||| READING 2 scrolls of identify.
  3024 | D:3      | 3024 ||| IDENTIFYING fizzy golden potion
  3025 | D:3      | 3025 ||| DROPPING potion of magic.
  3069 | D:4      | Reached XP level 5. HP: 32/32 MP: 5/5
  3332 | D:4      | Reached XP level 6. HP: 36/37 MP: 4/6
  3486 | D:4      | 3486 ||| Stepping ~*~*~tactically~*~*~ (stealth).
  3488 | D:4      | 3488 ||| Stepping ~*~*~tactically~*~*~ (hiding).
  3500 | D:4      | Reached skill level 5 in Axes
  3655 | D:4      | Found a staircase to the Ecumenical Temple.
  3656 | D:4      | 3656 ||| PLANNING TEMPLE
  3656 | D:4      | 3656 ||| READING scroll labelled ECEESOU LUIQITT.
  3657 | D:4      | 3657 ||| DRINKING 3 murky ruby potions.
  3658 | D:4      | 3658 ||| DRINKING 2 blue potions.
  3660 | D:4      | Noticed Natasha
  3673 | D:4      | Killed Natasha
  3866 | Temple   | Entered the Ecumenical Temple
  3867 | Temple   | 3867 ||| PLANNING OKAWARU WORSHIP
  3874 | Temple   | Became a worshipper of Warmaster Okawaru
  3875 | Temple   | 3875 ||| PLANNING D:1-11
  3875 | Temple   | 3875 ||| REMOVING amulet of guardian spirit.
  3880 | Temple   | 3880 ||| DROPPING amulet of guardian spirit.
  3929 | D:4      | Found a white marble altar of Elyvilon.
  3929 | D:4      | Found an ornate altar of the Wu Jian Council.
  3942 | D:4      | HP: 6/38 [iguana (8)]
  4236 | D:4      | 4236 ||| Stepping ~*~*~tactically~*~*~ (stealth).
  4313 | D:4      | Noticed Ijyb
  4314 | D:4      | 4314 ||| Stepping ~*~*~tactically~*~*~ (hiding).
  4329 | D:4      | Killed Ijyb
  4553 | D:4      | Reached XP level 7. HP: 43/43 MP: 7/7
  4638 | D:4      | Noticed Natasha
  4648 | D:4      | Killed Natasha
  4653 | D:4      | Noticed Natasha
  4654 | D:4      | 4654 ||| Stepping ~*~*~tactically~*~*~ (hiding).
  4656 | D:4      | 4656 ||| Stepping ~*~*~tactically~*~*~ (hiding).
  4664 | D:4      | HP: 10/43 [Natasha/magic dart (6)]
  4665 | D:4      | Killed Natasha
  4666 | D:4      | Reached skill level 6 in Axes
  5038 | D:4      | 5038 ||| READING scroll labelled NOCLIEPUYNO.
  5078 | D:5      | Entered Level 5 of the Dungeon
  5140 | D:5      | Reached * piety under Okawaru
  5188 | D:5      | 5188 ||| Stepping ~*~*~tactically~*~*~ (hiding).
  5254 | D:5      | Reached skill level 7 in Axes
  5254 | D:5      | Reached skill level 1 in Invocations
  5363 | D:5      | 5363 ||| INVOKING Heroism.
  5364 | D:5      | 5364 ||| INVOKING Heroism.
  5369 | D:5      | Reached XP level 8. HP: 43/48 MP: 6/9
  5397 | D:5      | 5397 ||| INVOKING Heroism.
  5409 | D:5      | Reached skill level 3 in Invocations
  5588 | D:5      | Reached skill level 1 in Dodging
  5699 | D:5      | Found a snail-covered altar of Cheibriados.
  5729 | D:5      | 5729 ||| INVOKING Heroism.
  6154 | D:5      | 6154 ||| READING scroll labelled LANEBUMIEX.
  6155 | D:5      | 6155 ||| DRINKING 2 lumpy brown potions.
  6227 | D:6      | 6227 ||| PLANNING SEWER
  6321 | D:6      | 6321 ||| Stepping ~*~*~tactically~*~*~ (hiding).
  6347 | D:6      | 6347 ||| UPGRADING to +0 cloak.
  6352 | D:6      | 6352 ||| Stepping randomly (stuck).
  6353 | D:6      | 6353 ||| Stepping ~*~*~tactically~*~*~ (cloud).
  6354 | D:6      | 6354 ||| Stepping randomly (stuck).
  6355 | D:6      | 6355 ||| INVOKING Heroism.
  6360 | D:6      | Reached ** piety under Okawaru
  6361 | D:6      | 6361 ||| Stepping ~*~*~tactically~*~*~ (cloud).
  6420 | D:6      | 6420 ||| Stepping randomly (stuck).
  6421 | D:6      | 6421 ||| Stepping randomly (stuck).
  6422 | D:6      | 6422 ||| Stepping randomly (stuck).
  6425 | D:6      | 6425 ||| Stepping randomly (stuck).
  6427 | D:6      | 6427 ||| Stepping randomly (stuck).
  6428 | D:6      | 6428 ||| Stepping randomly (stuck).
  6429 | D:6      | 6429 ||| Stepping randomly (stuck).
  6431 | D:6      | 6431 ||| Stepping randomly (stuck).
  6432 | D:6      | 6432 ||| Stepping randomly (stuck).
  6434 | D:6      | 6434 ||| Stepping randomly (stuck).
  6435 | D:6      | 6435 ||| Stepping randomly (stuck).
  6436 | D:6      | 6436 ||| Stepping randomly (stuck).
  6438 | D:6      | 6438 ||| Stepping randomly (stuck).
  6439 | D:6      | 6439 ||| Stepping randomly (stuck).
  6440 | D:6      | 6440 ||| Stepping randomly (stuck).
  6441 | D:6      | 6441 ||| Stepping randomly (stuck).
  6442 | D:6      | 6442 ||| Stepping randomly (stuck).
  6463 | D:6      | 6463 ||| Stepping randomly (stuck).
  6464 | D:6      | 6464 ||| Stepping randomly (stuck).
  6465 | D:6      | 6465 ||| Stepping randomly (stuck).
  6466 | D:6      | 6466 ||| Stepping randomly (stuck).
  6467 | D:6      | 6467 ||| Stepping randomly (stuck).
  6468 | D:6      | 6468 ||| Stepping randomly (stuck).
  6469 | D:6      | 6469 ||| Stepping randomly (stuck).
  6470 | D:6      | 6470 ||| Stepping randomly (stuck).
  6550 | D:6      | Reached skill level 8 in Axes
  6550 | D:6      | Reached XP level 9. HP: 53/54 MP: 12/12
  6842 | D:6      | 6842 ||| RIP SEWER
  6857 | D:6      | 6857 ||| PLANNING D:1-11
  6989 | D:6      | Reached skill level 6 in Fighting
  7095 | D:6      | 7095 ||| INVOKING Heroism.
  7172 | D:6      | 7172 ||| DRINKING 2 lumpy amethyst potions.
  7245 | D:7      | 7245 ||| Stepping ~*~*~tactically~*~*~ (stealth).
  7246 | D:7      | 7246 ||| Stepping ~*~*~tactically~*~*~ (stealth).
  7261 | D:7      | 7261 ||| INVOKING Heroism.
  7287 | D:7      | 7287 ||| INVOKING Heroism.
  7462 | D:7      | 7462 ||| INVOKING Heroism.
  7480 | D:7      | 7480 ||| Stepping ~*~*~tactically~*~*~ (hiding).
  7521 | D:7      | 7521 ||| Stepping ~*~*~tactically~*~*~ (stealth).
  7524 | D:7      | 7524 ||| INVOKING Heroism.
  7535 | D:7      | Reached skill level 9 in Axes
  7548 | D:7      | Reached *** piety under Okawaru
  7585 | D:7      | 7585 ||| INVOKING Heroism.
  7793 | D:7      | Noticed a two-headed ogre
  7794 | D:7      | 7794 ||| INVOKING Heroism.
  7805 | D:7      | Killed a two-headed ogre
  7805 | D:7      | Received a gift from Okawaru
  7806 | D:7      | Reached XP level 10. HP: 27/64 MP: 11/13
  8101 | D:7      | 8101 ||| INVOKING Heroism.
  8500 | D:7      | 8500 ||| UPGRADING to ring of willpower.
  8501 | D:7      | 8501 ||| READING 4 scrolls of identify.
  8501 | D:7      | 8501 ||| IDENTIFYING lumpy puce potion
  8502 | D:7      | 8502 ||| READING 3 scrolls of identify.
  8502 | D:7      | 8502 ||| IDENTIFYING green potion
  8503 | D:7      | 8503 ||| READING 2 scrolls of identify.
  8503 | D:7      | 8503 ||| IDENTIFYING sedimented amethyst potion
  8504 | D:7      | 8504 ||| DROPPING potion of brilliance.
  8505 | D:7      | 8505 ||| DROPPING potion of invisibility.
  8552 | D:8      | Reached skill level 6 in Armour
  8618 | D:8      | Noticed a two-headed ogre
  8620 | D:8      | 8620 ||| INVOKING Heroism.
  8631 | D:8      | Killed a two-headed ogre
  8904 | D:8      | 8904 ||| FLEEEEING.
  8910 | D:8      | 8910 ||| FLEEEEING.
  8911 | D:8      | 8911 ||| FLEEEEING.
  8918 | D:8      | 8918 ||| FLEEEEING.
  8919 | D:8      | 8919 ||| FLEEEEING.
  8920 | D:8      | 8920 ||| Stepping ~*~*~tactically~*~*~ (hiding).
  8929 | D:8      | 8929 ||| INVOKING Heroism.
  8933 | D:8      | Reached **** piety under Okawaru
  8934 | D:8      | 8934 ||| FLEEEEING.
  8935 | D:8      | 8935 ||| FLEEEEING.
  8936 | D:8      | 8936 ||| FLEEEEING.
  8937 | D:8      | 8937 ||| FLEEEEING.
  8939 | D:8      | 8939 ||| FLEEEEING.
  8940 | D:8      | 8940 ||| FLEEEEING.
  8941 | D:8      | 8941 ||| FLEEEEING.
  8942 | D:8      | 8942 ||| FLEEEEING.
  8944 | D:8      | 8944 ||| FLEEEEING.
  8945 | D:8      | 8945 ||| FLEEEEING.
  8946 | D:8      | 8946 ||| FLEEEEING.
  8947 | D:8      | 8947 ||| FLEEEEING.
  8948 | D:8      | 8948 ||| FLEEEEING.
  8950 | D:8      | 8950 ||| FLEEEEING.
  8951 | D:8      | 8951 ||| STAIRDANCE
  9130 | D:7      | 9130 ||| UPGRADING to +0 helmet.
  9325 | D:8      | Noticed a two-headed ogre
  9326 | D:8      | 9326 ||| INVOKING Heroism.
  9336 | D:8      | Killed a two-headed ogre
  9337 | D:8      | Reached skill level 10 in Axes
  9511 | D:8      | Found a runed translucent door.
  9511 | D:8      | Noticed a cyclops
  9511 | D:8      | Noticed qw's ghost (novice GrFi)
  9597 | D:8      | 9597 ||| INVOKING Heroism.
  9714 | D:8      | Identified the +2 cloak of Goupho {rN+ Will+ Str-4 Dex+2}
  9913 | D:8      | 9913 ||| READING scroll of enchant armour.
  9913 | D:8      | 9913 ||| ENCHANTING +0 helmet.
  9971 | D:8      | 9971 ||| Stepping ~*~*~tactically~*~*~ (stealth).
  9972 | D:8      | 9972 ||| Stepping ~*~*~tactically~*~*~ (stealth).
 10062 | D:8      | 10062 ||| UPGRADING to +2 cloak of Goupho {rN+ Will+ Str-4
                  | Dex+2}.
 10072 | D:8      | 10072 ||| DROPPING +0 cloak.
 10073 | D:8      | 10073 ||| DRINKING 2 viscous purple potions.
 10174 | D:8      | 10174 ||| DRINKING 2 inky potions.
 10279 | D:8      | 10279 ||| READING 2 scrolls of identify.
 10279 | D:8      | 10279 ||| IDENTIFYING bubbling inky potion
 10280 | D:8      | 10280 ||| DROPPING potion of ambrosia.
 10281 | D:8      | 10281 ||| DROPPING potion of berserk rage.
 10328 | D:9      | Found a stormy altar of Qazlal.
 10375 | D:9      | 10375 ||| INVOKING Heroism.
 10459 | D:9      | 10459 ||| Stepping ~*~*~tactically~*~*~ (hiding).
 10460 | D:9      | 10460 ||| Stepping ~*~*~tactically~*~*~ (hiding).
 10462 | D:9      | 10462 ||| Stepping ~*~*~tactically~*~*~ (hiding).
 10463 | D:9      | 10463 ||| Stepping ~*~*~tactically~*~*~ (hiding).
 10544 | D:9      | 10544 ||| INVOKING Heroism.
 10989 | D:9      | Reached skill level 3 in Throwing
 10989 | D:9      | Reached skill level 6 in Invocations
 11111 | D:9      | 11111 ||| INVOKING Heroism.
 11118 | D:9      | Reached XP level 11. HP: 49/68 MP: 12/15
 11285 | D:9      | 11285 ||| INVOKING Heroism.
 11289 | D:9      | HP: 12/68 [lava snake/glob of lava (11)]
 11290 | D:9      | 11290 ||| READING scroll of teleportation.
 11291 | D:9      | 11291 ||| DRINKING potion of heal wounds.
 11727 | D:10     | Entered Level 10 of the Dungeon
 11730 | D:10     | Found a transporter.
 11744 | D:10     | Noticed an orc high priest
 11784 | D:10     | 11784 ||| INVOKING Heroism.
 11857 | D:10     | 11857 ||| Stepping ~*~*~tactically~*~*~ (hiding).
 11973 | D:10     | 11973 ||| Stepping ~*~*~tactically~*~*~ (hiding).
 11975 | D:10     | Noticed a two-headed ogre
 11976 | D:10     | 11976 ||| INVOKING Heroism.
 11983 | D:10     | 11983 ||| Stepping ~*~*~tactically~*~*~ (stealth).
 11991 | D:10     | Killed a two-headed ogre
 12072 | D:10     | Noticed Psyche
 12073 | D:10     | 12073 ||| INVOKING Heroism.
 12093 | D:10     | Killed Psyche
 12214 | D:10     | 12214 ||| INVOKING Heroism.
 12215 | D:10     | 12215 ||| Stepping ~*~*~tactically~*~*~ (stealth).
 12224 | D:10     | Reached skill level 11 in Axes
 12267 | D:10     | 12267 ||| DROPPING +0 flail.
 12486 | D:10     | 12486 ||| Stepping ~*~*~tactically~*~*~ (stealth).
 12489 | D:10     | 12489 ||| Stepping ~*~*~tactically~*~*~ (hiding).
 12497 | D:10     | 12497 ||| INVOKING Heroism.
 12567 | D:10     | 12567 ||| Stepping ~*~*~tactically~*~*~ (hiding).
 12574 | D:10     | 12574 ||| Stepping ~*~*~tactically~*~*~ (stealth).
 12601 | D:10     | 12601 ||| Stepping ~*~*~tactically~*~*~ (hiding).
 12619 | D:10     | 12619 ||| Stepping ~*~*~tactically~*~*~ (stealth).
 12628 | D:10     | 12628 ||| SWAPPING to +0 broad axe.
 12629 | D:10     | 12629 ||| DROPPING +0 war axe.
 12654 | D:10     | Found a staircase to the Orcish Mines.
 12655 | D:10     | 12655 ||| INVOKING Heroism.
 12679 | D:10     | 12679 ||| UPGRADING to +2 chain mail of fire resistance.
 12689 | D:10     | 12689 ||| DROPPING +0 plate armour.
 12690 | D:10     | 12690 ||| UPGRADING to +1 plate armour of fire resistance.
 12700 | D:10     | 12700 ||| DROPPING +2 chain mail of fire resistance.
 12701 | D:10     | 12701 ||| UPGRADING to amulet of regeneration.
 12706 | D:10     | 12706 ||| DRINKING 2 ruby potions.
 12707 | D:10     | 12707 ||| READING 3 scrolls of identify.
 12707 | D:10     | 12707 ||| IDENTIFYING fizzy brown potion
 12708 | D:10     | 12708 ||| DROPPING potion of degeneration.
 12781 | D:11     | Noticed Sonja
 12792 | D:11     | 12792 ||| INVOKING Heroism.
 12798 | D:11     | HP: 7/68 [Sonja/+1 short sword of distortion (12)]
 12799 | D:11     | 12799 ||| READING 3 scrolls of teleportation.
 12800 | D:11     | 12800 ||| FLEEEEING.
 12801 | D:11     | 12801 ||| FLEEEEING.
 12802 | D:11     | 12802 ||| FLEEEEING.
 12879 | D:11     | 12879 ||| INVOKING Heroism.
 12879 | D:11     | Noticed Lodul
 12887 | D:11     | 12887 ||| Stepping ~*~*~tactically~*~*~ (hiding).
 12888 | D:11     | 12888 ||| Stepping ~*~*~tactically~*~*~ (hiding).
 12895 | D:11     | Received a gift from Okawaru
 12896 | D:11     | HP: 16/68 [Lodul/+0 dire flail (12)]
 12897 | D:11     | 12897 ||| READING 2 scrolls of teleportation.
 12902 | D:11     | 12902 ||| READING scroll of teleportation.
 13124 | D:11     | 13124 ||| INVOKING Heroism.
 13139 | D:11     | Killed Lodul
 13140 | D:11     | Reached skill level 9 in Invocations
 13170 | D:11     | Received a gift from Okawaru
 13562 | D:11     | 13562 ||| Stepping ~*~*~tactically~*~*~ (hiding).
 13565 | D:11     | 13565 ||| Stepping ~*~*~tactically~*~*~ (hiding).
 13567 | D:11     | 13567 ||| Stepping ~*~*~tactically~*~*~ (hiding).
 13581 | D:11     | 13581 ||| INVOKING Heroism.
 13584 | D:11     | HP: 16/69 [Sonja/+1 short sword of distortion (13)]
 13598 | D:11     | Killed Sonja
 13599 | D:11     | Reached skill level 9 in Fighting
 13834 | D:11     | Found a staircase to the Lair.
 13835 | D:11     | 13835 ||| INVOKING Heroism.
 13955 | D:11     | 13955 ||| PLANNING LAIR
 14003 | Lair:1   | Entered Level 1 of the Lair of Beasts
 14004 | Lair:1   | 14004 ||| INVOKING Heroism.
 14010 | Lair:1   | HP: 13/71 [komodo dragon (8)]
 14036 | Lair:1   | 14036 ||| Stepping ~*~*~tactically~*~*~ (stealth).
 14037 | Lair:1   | 14037 ||| Stepping ~*~*~tactically~*~*~ (stealth).
 14038 | Lair:1   | 14038 ||| INVOKING Heroism.
 14131 | Lair:1   | 14131 ||| Stepping ~*~*~tactically~*~*~ (stealth).
 14132 | Lair:1   | 14132 ||| INVOKING Heroism.
 14141 | Lair:1   | Reached XP level 12. HP: 66/76 MP: 17/19
 14189 | Lair:1   | 14189 ||| INVOKING Heroism.
 14195 | Lair:1   | Reached ***** piety under Okawaru
 14215 | Lair:1   | 14215 ||| INVOKING Heroism.
 14225 | Lair:1   | Noticed Gastronok
 14235 | Lair:1   | HP: 17/76 [wolf (6)]
 14235 | Lair:1   | Slain by Gastronok

Levels and vault maps discovered:
D:1:      nzn_arrival_depleted_hourglass, layout_rooms
D:2:      layout_loops_corners, basic_altar
D:3:      layout_basic, uniq_crazy_yiuf_cottage
D:4:      layout_loops_cross, jmf_multi_god_temple,
          minmay_temple_entry_steel_oval, uniq_ijyb, uniq_natasha
D:5:      layout_basic, kennysheep_slug_shrine
D:6:      layout_loops_ring, lightli_sewer_entry_pipes, grunt_decor_one_mirror,
          hangedman_glass_teeth
D:7:      layout_basic
D:8:      layout_loops_cross, ebering_ghost_inner_flame
D:9:      layout_irregular_city, marbit_many_paths, hangedman_incinerator
D:10:     gammafunk_beogh_shrine, layout_rooms, david_orc_4, hex_large,
          uniq_psyche
D:11:     layout_gridville, grunt_lair_entry_orc_guard_hut, uniq_lodul,
          uniq_sonja
Temple:   nicolae_temple_no_exploring_needed
Lair:1:   layout_concentric_octagons, grunt_megastairs_3,
          infiniplex_staircase_pool, uniq_gastronok

Skill      XL: |  1  2  3  4  5  6  7  8  9 10 11 12 |
---------------+-------------------------------------+-----
Axes           | 2 3 4 5 7 8 9 10 11 | 11.9
Throwing       | 2 3 |  3.8
Fighting       | 4 5 8 9 |  9.0
Invocations    | 2 4 6 9 10 | 10.0
Dodging        | 1 2 |  2.1
Armour         | 4 5 7 8 |  8.0
Shields        | 4 5 |  5.0

Action                   |  1- 3 |  4- 6 |  7- 9 | 10-12 || total
-------------------------+-------+-------+-------+-------++-------
Melee: War axe           |   101 |   149 |   306 |   290 ||   846
       Broad axe         |       |       |       |   186 ||   186
Throw: Javelin           |       |    24 |       |    25 ||    49
       Boomerang         |       |       |       |    10 ||    10
Invok: Heroism           |       |       |    11 |    25 ||    36
  Use: Scroll            |     6 |     4 |     2 |    10 ||    22
       Potion            |       |     2 |     2 |     4 ||     8
 Stab: Sleeping          |       |       |     1 |       ||     1
Armor: Scale mail        |    21 |       |       |       ||    21
       Plate armour      |    37 |    82 |   258 |   297 ||   674
Dodge: Dodged            |    30 |    42 |   140 |   137 ||   349
Block: Buckler           |    19 |    20 |    82 |   130 ||   251

Table legend:
 A = Non-vault XP
 B = Vault XP
 C = Vault XP percentage of total XP
 D = Non-vault monster count
 E = Vault monster count
 F = Vault count percentage of total count
                 A         B        C        D         E       F
            +---------+---------+-------+---------+---------+-------
      Total |   16492 |    5408 |  24.7 |     197 |      55 |  21.8
            +---------+---------+-------+---------+---------+-------
        D:1 |      32 |       0 |   0.0 |      17 |       0 |   0.0
        D:2 |      48 |       0 |   0.0 |      19 |       0 |   0.0
        D:3 |      52 |       0 |   0.0 |      21 |       0 |   0.0
        D:4 |     361 |     198 |  35.4 |      20 |       4 |  16.7
        D:5 |    1136 |       0 |   0.0 |      20 |       0 |   0.0
        D:6 |     846 |     103 |  10.9 |      11 |      13 |  54.2
        D:7 |    2063 |       0 |   0.0 |      15 |       0 |   0.0
        D:8 |    2979 |       0 |   0.0 |      14 |       0 |   0.0
        D:9 |    1028 |    1180 |  53.4 |      16 |       8 |  33.3
       D:10 |    1896 |    1066 |  36.0 |      17 |      16 |  48.5
       D:11 |     968 |    2861 |  74.7 |       5 |      14 |  73.7
     Lair:1 |    5083 |       0 |   0.0 |      22 |       0 |   0.0
            +---------+---------+-------+---------+---------+-------
